 Dungeon Crawl Stone Soup version 0.29-a0-284-gf9362112df (webtiles) character file.

Game seed: 418363393398780717

33 n8rtot the Sneak (level 3, 0/23 HPs)
             Began as a Tengu Delver on Mar 24, 2022.
             Slain by an adder (2 damage)
             ... on level 2 of the Dungeon.
             The game lasted 00:01:53 (366 turns).

n8rtot the Sneak (Tengu Delver)                      Turns: 366, Time: 00:01:53

Health: 0/23       AC:  3    Str: 14    XL:     3   Next: 29%
Magic:  4/4        EV: 12    Int: 10    God:
Gold:   25         SH:  0    Dex: 15    Spells: 2/2 levels left

rFire   . . .      SeeInvis .   j - +4 mace
rCold   . . .      Faith    .   (no shield)
rNeg    . . .      Spirit   .   b - +0 leather armour
rPois   .          Reflect  .   (helmet restricted)
rElec   .          Harm     .   (no cloak)
rCorr   .          Rampage  .   (no gloves)
Will    .....                   (boots unavailable)
Stlth   +++.......              (no amulet)
HPRegen 0.07/turn               (no ring)
MPRegen 0.09/turn               (no ring)

@: no status effects
A: beak, talons 3
a: no special abilities


You were on level 2 of the Dungeon.
You visited 1 branch of the dungeon, and saw 4 of its levels.

You collected 25 gold pieces.

Inventory:

Hand Weapons
 a - a +0 falchion
 j - a +4 mace (weapon)
Missiles
 h - 21 stones (quivered)
Armour
 b - a +0 leather armour (worn)
Jewellery
 i - a ring of protection from fire
Wands
 g - a wand of digging (3)
Scrolls
 d - a scroll of magic mapping
Potions
 f - a potion of haste


   Skills:
 + Level 3.2 Fighting
 + Level 2.3 Long Blades
 + Level 2.2 Dodging
 + Level 5.7 Stealth


You had 2 spell levels left.
You didn't know any spells.
Your spell library contained the following spells:

 Spells                   Type           Power      Damage    Failure   Level
 Ozocubu's Armour         Ice            0%         N/A       82%         3
 Metabolic Englaciation   Hex/Ice        0%         N/A       100%        5
 Simulacrum               Ice/Necr       0%         N/A       100%        6


Dungeon Overview and Level Annotations

Branches:
Dungeon (5/15)             Temple (0/1) D:4

Altars:

Annotations:
D:3 Grinder
D:4 Pikel


Innate Abilities, Weirdness & Mutations

You have a beak for a mouth.
You have claws for feet.


Message History

You pick up a book of Winter and begin reading...
You add the spells Ozocubu's Armour, Metabolic Englaciation and Simulacrum to your library.
There is a stone staircase leading up here.
You climb upwards.
Found 15 gold pieces.
There is a stone staircase leading down here.
You now have 25 gold pieces (gained 15).
You start resting.
HP restored.
An adder comes into view.
A giant cockroach comes into view.
The adder hisses angrily.
The adder bites you.
You are poisoned.
The adder poisons you!
You closely miss the adder. Your kick misses the adder.
You feel sick. The adder bites you.
You are more poisoned.
The adder poisons you! The adder closely misses you.
You hit the adder. Your kick misses the adder. Your peck misses the adder.
The adder is lightly wounded.
You feel very sick. The adder barely misses you.
The adder bites you but does no damage.
The giant cockroach attacks as you move away!
The giant cockroach bites you but does no damage.
You feel sick.
You feel sick. The adder bites you.
You feel sick. The adder bites you.
* * * LOW HITPOINT WARNING * * *
The giant cockroach bites you.
* * * LOW HITPOINT WARNING * * *
The adder attacks as you move away! The adder barely misses you.
You feel sick.
You feel sick. The adder attacks as you move away! The adder misses you.
You feel sick.
You are no longer poisoned.
The adder bites you but does no damage.
As you read the scroll of fog, it crumbles to dust.
The scroll dissolves into smoke.
The adder closely misses you. The adder attacks as you move away!
The adder bites you.
You die...

### ..# #.# #.# ## #.#
#. #§# #.. #§# #.. #@#
#... #S# ###...###B#
#####
#.......#.#########...#
#.....................#
..........#########...#
......##### ##.##
.#.... #.# #.## #.#


You could see an adder and a giant cockroach.

Vanquished Creatures
  A jelly (D:4)
  An endoplasm (D:4)
  2 jackals (D:3)
4 creatures vanquished.

Notes
Turn   | Place    | Note
-------+----------+-------------------------------------------
     0 | D:5      | n8rtot the Tengu Delver began the quest for the Orb.
     0 | D:5      | Reached XP level 1. HP: 14/14 MP: 2/2
    19 | D:4      | Noticed a jelly
    23 | D:4      | Killed a jelly
    24 | D:4      | Reached XP level 2. HP: 9/19 MP: 3/3
    24 | D:4      | Reached XP level 3. HP: 11/23 MP: 4/4
    32 | D:4      | Found a staircase to the Ecumenical Temple.
    41 | D:4      | Noticed Pikel
    86 | D:3      | Noticed Grinder
   366 | D:2      | Slain by an adder

Illustrated notes

Levels and vault maps discovered:
D:2:      layout_loops_ring, basic_altar, eino_curves_02,
          hangedman_decor_diamond_cutter, minmay_between, uniq_sigmund
D:3:      layout_rooms, jmf_multi_god_temple2, uniq_grinder
D:4:      layout_rooms, minmay_temple_entry_statues_fountains, hex_large,
          uniq_pikel
D:5:      layout_rooms, ashenzari_altar_1, minmay_misc_feat_x,
          minmay_fire_ice_demons

Action                   || total
-------------------------++-------
Melee: Falchion          ||     6
       Kick              ||     2
       Peck              ||     2
       Mace              ||     3
  Use: Scroll            ||     2
Armor: Leather armour    ||     5
Dodge: Dodged            ||     8

Table legend: (Time is in decaauts)
 A = Elapsed time spent in this place.
 B = Non-inter-level travel time spent in this place.
 C = Inter-level travel time spent in this place.
 D = Time resting spent in this place.
 E = Time spent auto-exploring this place.
 F = Levels seen in this place.
 G = Mean time per level.
                   A        B        C        D        E       F      G
               +--------+--------+--------+--------+--------+-----+--------+
         Total |    367 |    367 |      0 |    215 |      4 |   4 |   91.8 |
       Dungeon |    367 |    367 |      0 |    215 |      4 |   4 |   91.8 |
               +--------+--------+--------+--------+--------+-----+--------+

Top non-repeatable levels by time:
     D:2: 256 daAuts
     D:4: 46 daAuts
     D:3: 45 daAuts
     D:5: 19 daAuts
